AoeStats
← SLOW SELINE1975

Arena

510842811Analyzed
2v2 RM · 14h ago on Oct 2, 2026· 64m 6s· 4 players
Game mode
Random Map
Map size
Medium (4 player)
Population
200
Speed
Normal
Resources
Standard
Victory
Conquest
Starting age
Dark Age
Ending age
Imperial Age
RankedLock teamsTeams togetherTeam positionsShared explorationLock speedFull tech treeHidden civsTurbo modeCheats
Victory
Defeat
🇪🇨 Inca · Ecuador
735
+14
🇨🇴 Poles · Colombia
678
+16
🇬🇷 Italians · Greece
739
-29
🇮🇹 Huns · Italy
640
-13
SLOW SELINE1975
12:47 Feudal Age
18:06 Horse Collar
20:52 Castle Age
18:27 Man-at-Arms
19:06 Fletching
22:02 Double-Bit Axe
22:20 Heavy Plow
24:29 Wheelbarrow
23:40 Town Watch
24:00 Bodkin Arrow
25:20 Forging
26:31 Hand Cart
27:17 Iron Casting
27:36 Town Patrol
28:46 Long Swordsman
29:12 Arson
30:26 Squires
29:52 Pikeman
31:47 Bow Saw
31:30 Stone Mining
31:31 Gold Mining
33:29 Loom
33:10 Elite Skirmisher
33:58 Scale Mail Armor
33:58 Padded Archer Armor
34:04 Scale Barding Armor
35:01 Chain Mail Armor
35:39 Ballistics
35:15 Murder Holes
36:27 Treadmill Crane
38:31 Szlachta Privileges
38:33 Husbandry
42:34 Coinage
47:25 Imperial Age
45:20 Chain Barding Armor
45:16 Leather Archer Armor
48:47 Elite Obuch
50:39 Chemistry
49:28 Capped Ram
51:47 Blast Furnace
53:29 Cavalier
63:24 Siege Ram
64:39 Bracer
BENJA5020
40:58 Feudal Age
45:43 Castle Age
44:04 Horse Collar
44:09 Double-Bit Axe
45:03 Wheelbarrow
44:13 Loom
44:16 Town Watch
48:35 Pikeman
51:54 Wheelbarrow
55:16 Bow Saw
55:07 Heavy Plow
56:43 Heavy Plow
56:33 Gold Mining
58:58 Hand Cart
58:38 Loom
60:03 Town Watch
60:43 Squires
62:06 Gold Shaft Mining
61:22 Stone Mining
62:47 Town Patrol
62:40 Champi Runner
63:30 Scale Mail Armor
63:41 Forging
64:32 Stone Shaft Mining
maverik2325
3:05 Loom
11:35 Feudal Age
12:31 Double-Bit Axe
13:25 Wheelbarrow
12:52 Horse Collar
17:23 Town Watch
23:19 Castle Age
22:15 Forging
22:17 Scale Barding Armor
24:14 Bow Saw
24:42 Iron Casting
24:28 Chain Barding Armor
24:15 Husbandry
24:33 Bloodlines
24:55 Heavy Plow
24:55 Gold Mining
25:01 Stone Mining
30:38 Ballistics
30:30 Masonry
33:15 Murder Holes
34:07 Marauders
47:16 Imperial Age
45:27 Hand Cart
47:42 Town Patrol
49:16 Chemistry
49:21 Blast Furnace
57:50 Plate Barding Armor
thodorisloukakis
9:03 Feudal Age
11:48 Horse Collar
11:56 Double-Bit Axe
21:23 Castle Age
28:21 Stone Mining
30:07 Stone Shaft Mining
30:46 Gold Mining
33:17 Bow Saw
38:00 Imperial Age
38:47 Elite Genoese Crossbowman
39:55 Cavalier
43:45 Chemistry
Connection lost

Rejoining the realm…

Still unreachable

The connection could not be restored.

Session expired

The server has moved on; the page needs a fresh start.